 Dungeon Crawl Stone Soup version 0.29.1-13-g9f3cf754e1 (webtiles) character file.

Game seed: 9320547007995997511

2970 KittyFluff the Basher (level 9, -2/57 HPs)
             Began as a Gargoyle Berserker on Jan 28, 2023.
             Was a Priest of Trog.
             Slain by an orc warrior
             ... wielding a +0 great sword
              (9 damage)
             ... on level 7 of the Dungeon.
             The game lasted 00:30:50 (7123 turns).

KittyFluff the Basher (Gargoyle Berserker)          Turns: 7123, Time: 00:30:50

Health: -2/57      AC: 16    Str: 28    XL:     9   Next: 82%
Magic:  9/9        EV: 13    Int:  7    God:    Trog [***...]
Gold:   449        SH:  0    Dex: 13    Spells: 8/8 levels left

rFire   . . .      SeeInvis .   a - +0 mace
rCold   . . .      Faith    .   (no shield)
rNeg    + . .      Spirit   .   O - +2 leather armour {Will+}
rPois   ∞          Reflect  .   (no helmet)
rElec   +          Harm     .   (no cloak)
rCorr   .          Rampage  .   N - +0 pair of gloves
Will    +....                   p - +2 pair of boots
Stlth   ++........              (no amulet)
HPRegen 0.19/turn               g - +6 ring of strength
MPRegen 0.11/turn               (no ring)

@: on berserk cooldown, slowed, very slow
A: sickness immunity, AC +6, negative energy resistance 1, electricity
resistance, torment resistance 1, petrification resistance
a: Renounce Religion, Berserk, Trog's Hand


You were on level 7 of the Dungeon.
You worshipped Trog.
Trog was most pleased with you.
You visited 1 branch of the dungeon, and saw 7 of its levels.

You collected 449 gold pieces.

Inventory:

Hand Weapons
 a - a +0 mace (weapon)
 h - a +0 sling
 i - a +0 morningstar
 m - a +0 dire flail
 s - a +0 flail
 v - a +0 shortbow
Missiles
 q - 9 javelins
 D - 6 poisoned darts (quivered)
 H - 33 stones
 I - a throwing net
 P - a curare-tipped dart
Armour
 e - a +0 scale mail
 f - a +0 ring mail
 p - a +2 pair of boots (worn)
 F - the +1 robe of Poor Excuses {MP+9}
   (You found it on level 5 of the Dungeon)

   MP:        It affects your magic capacity (+9).
 K - a +0 troll leather armour
 N - a +0 pair of gloves (worn)
 O - a +2 leather armour of willpower (worn)
Jewellery
 g - a +6 ring of strength (left hand)
 z - a ring of magical power
Wands
 J - a wand of light (17)
Scrolls
 d - 2 scrolls of vulnerability {unknown}
 k - 3 scrolls of magic mapping {unknown}
 n - 2 scrolls of noise {unknown}
 r - 3 scrolls of fear {unknown}
 t - 2 scrolls of poison {unknown}
 w - 2 scrolls of enchant weapon {unknown}
 x - a scroll of fog {unknown}
 y - a scroll of silence {unknown}
 A - a scroll of amnesia {unknown}
 C - a scroll of immolation {unknown}
 E - a scroll of teleportation {unknown}
 G - a scroll of acquirement {unknown}
 L - a scroll of torment {unknown}
Potions
 b - 3 potions of flight
 c - a potion of resistance
 j - 2 potions of curing
 l - a potion of invisibility
 o - 2 potions of mutation
 u - a potion of heal wounds
 B - 2 potions of ambrosia {unknown}
 M - 3 potions of brilliance {unknown}


   Skills:
 + Level 7.2 Fighting
 + Level 8.8 Maces & Flails
 * Level 6.6 Armour
 + Level 5.0 Dodging
 + Level 3.1 Stealth


You had 8 spell levels left.
You didn't know any spells.
Your spell library was empty.

Dungeon Overview and Level Annotations

Branches:
Dungeon (7/15)             Temple (0/1) D:6

Altars:
Kikubaaqudgha
Sif Muna
Trog

Annotations:
D:3 1 runed translucent door, Crazy Yiuf


Innate Abilities, Weirdness & Mutations

You are immune to sickness and miasma.
Your stone body is resilient. (AC +6)
You are immune to poison.
You resist negative energy. (rN+)
You are resistant to electric shocks. (rElec)
You are resistant to unholy torment.
You are immune to petrification.


Message History

* * * LOW HITPOINT WARNING * * *
You feel much better.
The orc warrior hits you with a +0 great sword!
You hit the orc warrior but do no damage.
The orc warrior barely misses you. The orc warrior closely misses you.
You barely miss the orc warrior. The orc warrior closely misses you.
You barely miss the orc warrior. The orc warrior completely misses you.
You hit the orc warrior but do no damage.
The orc warrior barely misses you.
You closely miss the orc warrior. The orc priest barely misses you.
The orc warrior hits you but does no damage.
You thump the orc priest!
The orc priest is almost dead.
The orc priest hits you but does no damage.
The orc warrior hits you with a +0 great sword.
The orc priest miscasts a cantrip.
The orc warrior hits you with a +0 great sword!
* * * LOW HITPOINT WARNING * * *
You barely miss the orc priest.
The orc priest is almost dead.
The orc priest hits you but does no damage.
The orc warrior misses you.
You closely miss the orc priest.
The orc priest is almost dead.
The orc priest closely misses you.
The orc warrior hits you with a +0 great sword.
* * * LOW HITPOINT WARNING * * *
The orc priest hits you but does no damage.
The orc warrior hits you but does no damage.
You closely miss the orc priest.
The orc priest is almost dead.
The orc priest calls down the wrath of Beogh upon you.
Pain shoots through your body!
* * * LOW HITPOINT WARNING * * *
The orc warrior misses you.
You completely miss the orc priest.
The orc priest is almost dead.
The orc priest barely misses you.
The orc warrior hits you with a +0 great sword!
You die...

########### #.........#
#.........# #.........#
#######.........##
#...............##
#o...............#
###########o8o............8#
#.........o@######'''######.
#...........#.............##
#.........#.#?...#####....##
#...........#.###.....###.#
#...........#.#8#..8..#8#.#
#..........##............ ##
#.........)# 8.. $).. #.
##########)# ##############.
#.# #.#...#........


You could see an orc warrior, an orc priest and 2 orcs.

Vanquished Creatures
  The ghost of mkat the Trooper, a novice DsBe of Trog (D:7)
  A troll (D:6)
  Menkaure (D:4)
  2 water moccasins
  An orc warrior (D:6)
  An ice beast (D:7)
  A black bear (D:7)
  A sky beast (D:7)
  4 ogres
  2 centaurs
  A phantom (D:6)
  A gnoll sergeant (D:7)
  A kobold brigand (D:7)
  2 bullfrogs
  A necrophage (D:6)
  2 scorpions (D:6)
  A gnoll bouda (D:7)
  An orc priest (D:7)
  Jessica (D:2)
  3 iguanas
  An orc wizard (D:7)
  9 gnolls
  10 adders
  A shadow imp (D:6)
  A white imp (D:6)
  2 worms
  11 dart slugs
  15 orcs
  3 bats
  3 endoplasms
  4 giant cockroaches
  3 hobgoblins
  7 jackals
  3 quokkas
  12 ball pythons
  3 frilled lizards (D:3)
  6 goblins
  6 kobolds
  2 rats
131 creatures vanquished.

Notes
Turn   | Place    | Note
-------+----------+-------------------------------------------
     0 | D:1      | KittyFluff the Gargoyle Berserker began the quest for the
                  | Orb.
     0 | D:1      | Reached XP level 1. HP: 14/14 MP: 1/1
   175 | D:1      | Found a faded altar of an unknown god.
   502 | D:1      | Reached XP level 2. HP: 8/19 MP: 2/2
  1137 | D:2      | Reached XP level 3. HP: 13/24 MP: 3/3
  1872 | D:2      | Noticed Jessica
  1878 | D:2      | Killed Jessica
  1878 | D:2      | Reached ** piety under Trog
  1879 | D:2      | Reached XP level 4. HP: 22/29 MP: 4/4
  2034 | D:3      | Reached skill level 1 in Stealth
  2037 | D:3      | Found a runed translucent door.
  2038 | D:3      | Noticed Crazy Yiuf
  2496 | D:3      | Reached XP level 5. HP: 33/33 MP: 5/5
  2723 | D:4      | Found a shimmering blue altar of Sif Muna.
  2789 | D:4      | Noticed an ogre
  2807 | D:4      | Killed an ogre
  2808 | D:4      | Reached skill level 4 in Maces & Flails
  2974 | D:4      | Reached XP level 6. HP: 34/38 MP: 6/6
  3295 | D:4      | Noticed Menkaure
  3304 | D:4      | Killed Menkaure
  3677 | D:5      | Entered Level 5 of the Dungeon
  3795 | D:5      | Reached skill level 5 in Maces & Flails
  3858 | D:4      | Reached *** piety under Trog
  3911 | D:5      | Identified the +1 robe of Poor Excuses {MP+9}
  4267 | D:5      | Noticed a water moccasin
  4285 | D:5      | Killed a water moccasin
  4286 | D:5      | Reached XP level 7. HP: 13/44 MP: 7/7
  5167 | D:6      | Reached skill level 5 in Fighting
  5184 | D:6      | Reached skill level 6 in Maces & Flails
  5184 | D:6      | Reached XP level 8. HP: 42/49 MP: 8/8
  5190 | D:6      | Noticed a troll
  5191 | D:6      | Found a bloodstained altar of Trog.
  5200 | D:6      | Killed a troll
  5249 | D:6      | Found an ancient bone altar of Kikubaaqudgha.
  5364 | D:6      | Reached skill level 5 in Armour
  5547 | D:6      | Found a staircase to the Ecumenical Temple.
  5767 | D:6      | Reached skill level 7 in Maces & Flails
  6159 | D:6      | Reached XP level 9. HP: 55/55 MP: 9/9
  6747 | D:7      | Reached skill level 8 in Maces & Flails
  7064 | D:7      | Found a runed translucent gate.
  7064 | D:7      | Noticed mkat's ghost (novice DsBe)
  7066 | D:7      | Found a runed translucent gate.
  7067 | D:7      | Found a runed translucent gate.
  7068 | D:7      | Identified the +2 chain mail "Duseh" {rN+}
  7111 | D:7      | Killed mkat's ghost
  7112 | D:7      | Reached skill level 5 in Dodging
  7123 | D:7      | Slain by an orc warrior

Illustrated notes

Levels and vault maps discovered:
D:1:      heliophobic_arrival_battle_scene, layout_basic,
          ebering_ecumenical_altar_petrified
D:2:      layout_loops_ring, uniq_jessica
D:3:      wander_river, layout_basic, minmay_misc_feat_alley,
          uniq_crazy_yiuf_cottage
D:4:      layout_rooms, kennysheep_mini, minmay_close_crescents, uniq_menkaure
D:5:      kennysheep_slugbush, layout_loops_cross
D:6:      layout_loops_ring, minitemple, minmay_temple_entry_enclosed_plants,
          chequers_serial_rivers_small_3, kennysheep_dice
D:7:      layout_basic, biasface_ghost_orc_armoury, st_stairs_11

Skill      XL: |  1  2  3  4  5  6  7  8  9 |
---------------+----------------------------+-----
Dodging        | 2 3 4 5 |  5.0
Fighting       | 4 5 6 7 |  7.2
Stealth        | 1 2 3 |  3.1
Armour         | 3 4 5 6 |  6.6
Maces & Flails | 4 5 6 7 8 |  8.8

Action                   |  1- 3 |  4- 6 |  7- 9 || total
-------------------------+-------+-------+-------++-------
Melee: Mace              |   100 |   193 |   371 ||   664
       Punch             |     1 |     1 |     7 ||     9
Throw: Dart              |       |       |     1 ||     1
Invok: Berserk           |       |     3 |     5 ||     8
  Use: Scroll            |       |     5 |     1 ||     6
       Potion            |       |       |     2 ||     2
 Stab: Sleeping          |     1 |     2 |     1 ||     4
Armor: Animal skin       |    50 |       |       ||    50
       Leather armour    |       |   102 |    79 ||   181
       Troll leather arm |       |       |   100 ||   100
Dodge: Dodged            |    90 |   132 |   258 ||   480
